 Dungeon Sprint DCSS version 0.28-a0-239-g68911e0c57 (webtiles) character file.

Game seed: 7065761425511221161

556 MikeHunt the Cleaver (level 7, -1/82 HPs)
             Began as a Palentonga Fighter on Aug 23, 2021.
             Was an Initiate of Zin.
             Slain by a two-headed ogre (19 damage)
             ... in the Dungeon (Sprint VII: "The Pits").
             The game lasted 00:02:17 (543 turns).

MikeHunt the Cleaver (Palentonga Fighter)            Turns: 543, Time: 00:02:18

Health: -1/82      AC: 16    Str: 20    XL:     7   Next: 8%
Magic:  7/7        EV:  8    Int:  8    God:    Zin [......]
Gold:   0          SH: 10    Dex: 11    Spells: 6/6 levels left

rFire   . . .      SeeInvis +   a - +0 war axe
rCold   . . .      Faith    .   c - +0 kite shield
rNeg    . . .      Spirit   .   f - +3 ring mail
rPois   .          Reflect  .   (no helmet)
rElec   .          Harm     .   (no cloak)
rCorr   .          Rampage  .   (no gloves)
Will    .....      NoTele   +   (no barding)
Stlth   ..........              (no amulet)
HPRegen 0.23/turn               (no ring)
MPRegen 0.10/turn               (no ring)

@: berserking, curled up, very quick
A: large, rugged brown scales 3, see invisible, deformed body, roll 1, armoured
tail, reflexive curl
a: Rolling Charge, Renounce Religion, Donate Gold


You were in the Dungeon.
You worshipped Zin.
Zin was noncommittal.
You visited 1 branch

Inventory:

Hand Weapons
 a - a +0 war axe (weapon)
Armour
 b - a +0 scale mail
 c - a +0 kite shield (worn)
 f - a +3 ring mail (worn)
Scrolls
 j - a scroll of blinking
 l - a scroll of summoning
Potions
 d - a potion of might
 e - 6 potions of curing
 g - a potion of haste
 h - 4 potions of magic
 i - a potion of berserk rage
 k - 2 potions of invisibility
 m - 3 potions of heal wounds


   Skills:
 - Level 3.0 Fighting
 + Level 11.4 Axes
 - Level 2.4 Armour
 - Level 9.0 Shields


You had 6 spell levels left.
You didn't know any spells.
Your spell library was empty.

Dungeon Overview and Level Annotations

Branches:
Dungeon (1/1)

Altars:
Ashenzari
Cheibriados
Dithmenos
Elyvilon
Fedhas
Gozag
Hepliaklqana
Kikubaaqudgha
Makhleb
Nemelex Xobeh
Okawaru
Qazlal
Ru
Sif Muna
Trog
Uskayaw
Vehumet
Wu Jian
Xom
Yredelemnul
Zin
The Shining One
Beogh
Jiyva
Lugonu


Innate Abilities, Weirdness & Mutations

You are completely covered in rugged brown scales. (AC +3, +7% HP)
You have supernaturally acute eyesight. (SInv)
Armour fits poorly on your strangely shaped body.
You can roll at nearby foes to attack.
You have a long armoured tail.
You curl defensively after being hit.


Message History

The necrophage is lightly damaged.
The necrophage hits you but does no damage.
You barely miss the necrophage.
Your tail-slap misses the necrophage.
The necrophage is lightly damaged.
The necrophage hits you but does no damage.
You barely miss the necrophage.
The necrophage is lightly damaged.
The necrophage hits you.
You feel drained.
You hit the necrophage.
The necrophage is moderately damaged.
You slash the necrophage!
The necrophage is almost destroyed.
The necrophage hits you.
You feel drained.
You slash the necrophage!
You destroy the necrophage!
Zin accepts your kill.
Your life force feels restored.
Your Axes skill increases to level 11!
You have reached level 7!
You now curl defensively after being hit.
There is an open door here.
You open the door.
A two-headed ogre comes into view.
It is wielding two +0 giant spiked clubs.
The two-headed ogre shouts in stereo!
A red film seems to cover your vision as you go berserk!
You feel yourself moving faster!
You feel mighty!
The two-headed ogre hits you with a +0 giant spiked club!!
The two-headed ogre hits you with a +0 giant spiked club!
You slash the two-headed ogre!
The two-headed ogre is moderately wounded.
You block the two-headed ogre's attack.
The two-headed ogre hits you with a +0 giant spiked club!!
* * * LOW HITPOINT WARNING * * *
You closely miss the two-headed ogre.
The two-headed ogre is moderately wounded.
You barely miss the two-headed ogre.
The two-headed ogre is moderately wounded.
The two-headed ogre barely misses you.
The two-headed ogre hits you with a +0 giant spiked club!!
You die...

#.#........##.......#
#'###########.......#
#.†.....# #########
#...#...# #...#...#
#.##.##.#+#
#...#†..#.+
#...#...#O#
#.......'@#
###########


You could see a two-headed ogre.

Vanquished Creatures
  A warg (D)
  A water moccasin (D)
  A necrophage (D)
  A centaur (D)
  A bullfrog (D)
  A scorpion (D)
  A hound (D)
  A river rat (D)
  An ufetubus (D)
  A giant cockroach (D)
  2 goblins (D)
  A quokka (D)
  A frilled lizard (D)
  A kobold (D)
  A quokka skeleton (D)
  A rat (D)
17 creatures vanquished.

Notes
Turn   | Place    | Note
-------+----------+-------------------------------------------
     0 | D        | MikeHunt the Palentonga Fighter began the quest for the
                  | Orb.
     0 | D        | Reached XP level 1. HP: 19/19 MP: 1/1
    15 | D        | Found a bloodstained altar of Trog.
    15 | D        | Found a shimmering blue altar of Sif Muna.
    15 | D        | Found a viscous altar of Jiyva.
    15 | D        | Found a hazy altar of Hepliaklqana.
    15 | D        | Found an opulent altar of Gozag.
    16 | D        | Found a glowing golden altar of the Shining One.
    16 | D        | Found a glowing silver altar of Zin.
    16 | D        | Found a basalt altar of Yredelemnul.
    16 | D        | Found a shimmering altar of Xom.
    16 | D        | Found an ornate altar of the Wu Jian Council.
    16 | D        | Found a sacrificial altar of Ru.
    16 | D        | Found a stormy altar of Qazlal.
    16 | D        | Found an iron altar of Okawaru.
    16 | D        | Found a sparkling altar of Nemelex Xobeh.
    16 | D        | Found a burning altar of Makhleb.
    16 | D        | Found a blossoming altar of Fedhas.
    16 | D        | Found a white marble altar of Elyvilon.
    16 | D        | Found a shadowy altar of Dithmenos.
    16 | D        | Found a snail-covered altar of Cheibriados.
    17 | D        | Found a radiant altar of Vehumet.
    17 | D        | Found a corrupted altar of Lugonu.
    18 | D        | Found a hide-covered altar of Uskayaw.
    18 | D        | Found an ancient bone altar of Kikubaaqudgha.
    18 | D        | Found a broken altar of Ashenzari.
    21 | D        | Became a worshipper of Zin the Law-Giver
    56 | D        | Noticed a scorpion
    60 | D        | Killed a scorpion
    61 | D        | Reached skill level 5 in Axes
    61 | D        | Reached skill level 5 in Shields
    61 | D        | Reached XP level 2. HP: 25/25 MP: 2/2
    61 | D        | Reached XP level 3. HP: 31/31 MP: 3/3
    68 | D        | Reached XP level 4. HP: 37/37 MP: 4/4
   174 | D        | Noticed a centaur
   185 | D        | Killed a centaur
   186 | D        | Reached skill level 7 in Axes
   186 | D        | Reached XP level 5. HP: 23/43 MP: 5/5
   338 | D        | Noticed a water moccasin
   346 | D        | Killed a water moccasin
   347 | D        | Reached skill level 9 in Axes
   347 | D        | Reached XP level 6. HP: 20/50 MP: 6/6
   360 | D        | Noticed a warg
   367 | D        | HP: 1/50 [warg (12)]
   375 | D        | Killed a warg
   376 | D        | Reached skill level 10 in Axes
   537 | D        | Reached skill level 11 in Axes
   537 | D        | Gained mutation: You curl defensively after being hit.
                  | [Palentonga growth]
   537 | D        | Reached XP level 7. HP: 53/55 MP: 7/7
   539 | D        | Noticed a two-headed ogre
   543 | D        | Slain by a two-headed ogre

Illustrated notes

Levels and vault maps discovered:
D:        pitsprint [storerooms_1, entrance_room_1, metal_vault_2, armoury_3,
          mini_pit_1, grid_room_1, main_hall_1, silver_pit, the_coven_2,
          the_vestibule_1, steel_vault_2, golden_pit, hallway_of_sentries,
          crystal_vault_4, iron_vault_2, final_vault]

Skill      XL: |  1  2  3  4  5  6 |
---------------+-------------------+-----
Axes           | 5 7 9 11 | 11.4
Shields        | 5 6 8 9 |  9.0
Fighting       | |  3.0
Armour         | |  2.4

Action                   |  1- 3 |  4- 6 |  7- 9 || total
-------------------------+-------+-------+-------++-------
Melee: War axe           |    14 |    45 |     3 ||    62
       Tailslap          |     2 |     5 |       ||     7
  Use: Potion            |     1 |     3 |     1 ||     5
Armor: Scale mail        |     6 |    15 |       ||    21
       Ring mail         |       |    13 |       ||    13
Dodge: Dodged            |     6 |    23 |     1 ||    30
Block: Kite shield       |     1 |    29 |     1 ||    31

Table legend: (Time is in decaauts)
 A = Elapsed time spent in this place.
 B = Non-inter-level travel time spent in this place.
 C = Inter-level travel time spent in this place.
 D = Time resting spent in this place.
 E = Time spent auto-exploring this place.
 F = Levels seen in this place.
 G = Mean time per level.
                   A        B        C        D        E       F      G
               +--------+--------+--------+--------+--------+-----+--------+
         Total |    559 |    559 |      0 |    351 |      0 |   1 |  559.0 |
       Dungeon |    559 |    559 |      0 |    351 |      0 |   1 |  559.0 |
               +--------+--------+--------+--------+--------+-----+--------+

Top non-repeatable levels by time:
       D: 559 daAuts
